 Dungeon Crawl Stone Soup version 0.26-b1-32-g5d43845318 (webtiles) character file.

Game seed: 9239439658399077314

863 inmateoo the Spear-Bearer (level 8, 0/88 (91) HPs)
             Began as a Merfolk Gladiator on Jan 9, 2021.
             Slain by Maggie
             ... wielding a +1 glaive of draining
              (3 damage)
             ... on level 6 of the Dungeon.
             The game lasted 00:05:51 (5591 turns).

inmateoo the Spear-Bearer (Merfolk Gladiator)       Turns: 5591, Time: 00:05:52

HP:   0/88 (91)     AC: 24    Str: 16    XL:     8   Next: 2%
MP:   8/8           EV:  2    Int:  8    God:
Gold: 319           SH:  0    Dex: 15    Spells: 7/7 levels left

rFire    . . .     SeeInvis .   p - +4 spear (freeze)
rCold    + . .     Faith    .   (no shield)
rNeg     + + +     Spirit   .   (armour currently unavailable)
rPois    +         Reflect  .   (helmet currently unavailable)
rElec    .         Harm     .   (cloak currently unavailable)
rCorr    .         Rampage  .   (gloves currently unavailable)
Will     .....     NoTele   +   (boots currently unavailable)
Stlth    +.........             (no amulet)
HPRegen  0.24/turn              s - ring of protection from cold
MPRegen  0.11/turn              v - +4 ring of slaying

@: mighty, tree-form, attractive, mesmerised, lightly drained
A: (change form in water), (swift swim), (stealthy swim)
a: no special abilities


You were on level 6 of the Dungeon.
You were a tree.
You visited 1 branch of the dungeon, and saw 6 of its levels.
You also visited: Sewer.

You collected 319 gold pieces.

Inventory:

Hand Weapons
 a - a +0 trident
 p - a +4 spear of freezing (weapon)
Missiles
 m - 10 poisoned darts (quivered)
 r - 2 throwing nets
Armour
 b - a +0 leather armour (melded)
 l - a +1 helmet (melded)
 u - a +0 plate armour
Jewellery
 j - an uncursed ring of flight
 k - an uncursed ring of wizardry
 s - a ring of protection from cold (left branch)
 v - a +4 ring of slaying (right branch)
Wands
 g - a wand of flame (24)
Scrolls
 e - a scroll of enchant weapon
 f - 5 scrolls of remove curse {unknown}
 h - 2 scrolls of identify
 n - 4 scrolls of teleportation
Potions
 i - a potion of ambrosia {unknown}
 o - 7 potions of flight


   Skills:
 + Level 4.3 Fighting
 * Level 8.6 Polearms
 + Level 4.1 Throwing
 + Level 2.2 Armour
 + Level 6.1 Dodging


You had 7 spell levels left.
You didn't know any spells.
Your spell library was empty.

Dungeon Overview and Level Annotations

Branches:
Dungeon (6/15)              Sewer (visited)
 Temple: D:4-7

Altars:
Fedhas
Sif Muna

Annotations:
D:6 Maggie


Message History

Maggie hits you but does no damage. The adder barely misses you.
Unknown command.
It was a potion of attraction.
You feel attractive to monsters. The adder bites you but does no damage.
Maggie barely misses you. Maggie is pulled toward you!
Unknown command.
It was a potion of might.
You feel very mighty all of a sudden. The adder bites you but does no damage.
You puncture Maggie! You freeze Maggie.
Maggie is heavily wounded.
The adder bites you but does no damage. Maggie gestures at you while chanting.
The bolt of fire hits you!
* * * LOW HITPOINT WARNING * * *
It was a potion of berserk rage.
You are too mesmerised to rage.
The adder bites you but does no damage.
Maggie hits you with a +1 glaive of draining.
You die...

#......# #......#
#......####
###########.......... .
#......#.#.......####..
#........#.......#.....
.......###.........#
##..#......##.#..#####..
.#..##.###......♣S......
....##.####......@......
#...#...................
#...#............>...(.#
.......###......###.....
.##.##...#......# ....#
..#.##.#.<......###....#
.....#.##.......(......#
........##..........


You could see Maggie (mesmerising) and an adder.

Vanquished Creatures
  A bullfrog (D:6)
  A jelly (D:2)
  2 orc wizards
  A gnoll shaman (D:4)
  2 orc priests
  A hound (D:4)
  Jessica (D:2)
  2 bullfrog skeletons
  Natasha (thrice) (D:3)
  2 merfolk sirens (Sewer)
  A merfolk avatar (Sewer)
  A worker ant zombie (D:6)
  9 gnolls
  8 adders
  A shadow imp (D:5)
  A white imp (D:5)
  3 oozes
  4 worms
  4 dart slugs
  10 leopard geckos
  14 orcs
  13 giant cockroaches
  8 goblins
  8 hobgoblins
  3 quokkas
  2 ball pythons
  8 bats
  12 frilled lizards
  A jackal skeleton (D:5)
  10 kobolds
  A leopard gecko skeleton (D:4)
  38 rats
176 creatures vanquished.

Notes
Turn   | Place    | Note
-------+----------+-------------------------------------------
     0 | D:1      | inmateoo the Merfolk Gladiator began the quest for the Orb.
     0 | D:1      | Reached XP level 1. HP: 16/16 MP: 1/1
    24 | D:1      | Reached XP level 2. HP: 20/22 MP: 2/2
   365 | D:1      | Reached skill level 5 in Polearms
   365 | D:1      | Reached XP level 3. HP: 28/28 MP: 3/3
  1134 | D:2      | Reached XP level 4. HP: 34/34 MP: 4/4
  1136 | D:2      | Noticed Jessica
  1418 | D:2      | Killed Jessica
  1463 | D:2      | Reached skill level 6 in Polearms
  1463 | D:2      | Reached skill level 1 in Armour
  1463 | D:2      | Reached XP level 5. HP: 28/40 MP: 5/5
  1509 | D:2      | Found a shimmering blue altar of Sif Muna.
  1695 | D:2      | Reached skill level 5 in Dodging
  2201 | D:3      | Reached XP level 6. HP: 44/47 MP: 6/6
  2451 | D:3      | Noticed Natasha
  2457 | D:3      | Killed Natasha
  2509 | D:3      | Noticed Natasha
  2516 | D:3      | Killed Natasha
  2542 | D:3      | Found a blossoming altar of Fedhas.
  2967 | D:3      | Reached skill level 7 in Polearms
  3789 | D:3      | Noticed Natasha
  3803 | D:3      | Killed Natasha
  3964 | D:4      | Reached XP level 7. HP: 33/53 MP: 7/7
  4407 | D:5      | Entered Level 5 of the Dungeon
  5031 | D:6      | Reached skill level 8 in Polearms
  5054 | D:6      | Found a glowing drain.
  5097 | Sewer    | Entered a sewer
  5575 | D:6      | Noticed Maggie
  5580 | D:6      | Reached XP level 8. HP: 61/61 MP: 8/8
  5590 | D:6      | HP: 3/88 [Maggie/bolt of fire (7)]
  5591 | D:6      | Slain by Maggie

Illustrated notes

Levels and vault maps discovered:
D:1:      dpeg_arrival_water_temple_mockup, layout_basic, serial_forest,
          infiniplex_forest_straight_3, infiniplex_forest_lined_ring,
          infiniplex_forest_clump_tiny, infiniplex_forest_join,
          infiniplex_forest_lined_2
D:2:      minmay_chambers_of_ones, layout_rooms, led_sif_pool, uniq_jessica
D:3:      layout_basic, nicolae_overflow_crystal_walls,
          minmay_fractal_squares_5, uniq_natasha
D:4:      layout_basic
D:5:      layout_rooms
D:6:      layout_rooms, dancing_weapons_uskayaw, portal_sewer_entry_f,
          uniq_maggie, uniq_crazy_yiuf_cottage

Skill      XL: |  1  2  3  4  5  6  7 |
---------------+----------------------+-----
Polearms       | 5 6 7 8 |  8.6
Armour         | 1 2 |  2.2
Fighting       | 3 4 |  4.3
Dodging        | 5 6 |  6.1
Throwing       | 3 4 |  4.1

Action                   |  1- 3 |  4- 6 |  7- 9 || total
-------------------------+-------+-------+-------++-------
Melee: Trident           |   128 |   262 |       ||   390
       Spear             |       |       |   179 ||   179
       Tailslap          |       |       |     1 ||     1
Throw: Throwing net      |       |     4 |       ||     4
       Dart              |       |     1 |       ||     1
  Use: Scroll            |       |     4 |     1 ||     5
       Potion            |       |       |     4 ||     4
 Stab: Sleeping          |       |     1 |     5 ||     6
Armor: Leather armour    |    21 |    39 |    13 ||    73
       Skin              |       |       |     5 ||     5
Dodge: Dodged            |    79 |   170 |    57 ||   306
